 Dungeon Crawl Stone Soup version 0.27-a0-1060-gcb85b5eba1 (webtiles) character file.

Game seed: 3518341562111875729

3761 HoaS the Cruncher (level 10, -2/53 HPs)
             Began as a Gargoyle Gladiator on Apr 21, 2021.
             Was a Believer of Okawaru.
             Killed by divine providence
             ... invoked by an orc priest
              (13 damage)
             ... on level 8 of the Dungeon.
             The game lasted 00:17:18 (9105 turns).

HoaS the Cruncher (Gargoyle Gladiator)              Turns: 9105, Time: 00:17:19

Health: -2/53      AC: 23    Str: 25    XL:     10   Next: 15%
Magic:  12/12      EV: 26    Int:  9    God:    Okawaru [**....]
Gold:   35         SH:  0    Dex: 14    Spells: 9/9 levels left

rFire    . . .     SeeInvis .   e - +6 quarterstaff of the Dancing Visionary {vorpal, Str+4 Dex+3}
rCold    . . .     Faith    .   (shield currently unavailable)
rNeg     + . .     Spirit   .   E - +0 plate armour
rPois    ∞         Reflect  .   c - +2 helmet
rElec    +         Harm     .   h - scarf {shadows}
rCorr    .         Rampage  .   (no gloves)
Will     +....                  a - +2 pair of boots
Stlth    ..........             x - amulet of the acrobat
HPRegen  0.17/turn              D - ring of willpower
MPRegen  0.13/turn              y - +4 ring of evasion

@: acrobatic
A: AC +7, negative energy resistance 1, electricity resistance, torment
resistance 1, unbreathing 1, petrification resistance
a: Renounce Religion, Heroism


You were on level 8 of the Dungeon.
You worshipped Okawaru.
Okawaru was pleased with you.
You visited 1 branch of the dungeon, and saw 8 of its levels.
You also visited: Ossuary.

You collected 368 gold pieces.
You spent 333 gold pieces at shops.

Inventory:

Hand Weapons
 e - the +6 quarterstaff of the Dancing Visionary (weapon) {vorpal, Str+4 Dex+3}
   (You bought it in a shop on level 3 of the Dungeon)

   It inflicts extra damage upon your enemies.
   It affects your strength (+4).
   It affects your dexterity (+3).
Missiles
 b - 125 arrows
 d - 4 throwing nets (quivered)
 p - 6 silver javelins
 w - 5 boomerangs
 A - 13 atropa-tipped darts
 B - 2 datura-tipped darts
Armour
 a - a +2 pair of boots (worn)
 c - a +2 helmet (worn)
 h - a scarf of shadows (worn)
 E - a +0 plate armour (worn)
Jewellery
 i - a ring of see invisible
 l - an amulet of guardian spirit
 n - a ring of fire
 x - an amulet of the acrobat (around neck)
 y - a +4 ring of evasion (right hand)
 D - a ring of willpower (left hand)
 F - a ring of willpower
 G - the ring "Coiboviv" {Fire rPois}
   (You took it off an orc on level 7 of the Dungeon)

   [ring of fire]

   It enhances your fire magic.
   It protects you from fire.
   It makes you vulnerable to cold.
   It protects you from poison.
Wands
 C - a wand of flame (16)
Scrolls
 t - 2 scrolls of teleportation
 I - a scroll of enchant armour
 J - 3 scrolls of enchant weapon
 K - a scroll of magic mapping
Potions
 f - 3 potions of heal wounds
 g - 4 potions of flight
 j - 3 potions of lignification
 k - 2 potions of berserk rage
 m - 4 potions of haste
 o - a potion of invisibility {unknown}
 q - 3 potions of curing
 r - a potion of brilliance {unknown}
 s - 2 potions of mutation
 u - 2 potions of attraction {unknown}
 v - a potion of might {unknown}
 z - 3 potions of cancellation


   Skills:
 - Level 2.1 Fighting
 + Level 13.7 Staves
 - Level 1.7 Throwing
 - Level 2.4 Dodging
 - Level 3.0 Invocations


You had 9 spell levels left.
You didn't know any spells.
Your spell library was empty.

Dungeon Overview and Level Annotations

Branches:
Dungeon (8/15)             Temple (0/1) D:7         Ossuary (visited)
   Lair: D:8-11

Altars:
Cheibriados
Elyvilon
Kikubaaqudgha
Okawaru
Sif Muna
Zin
The Shining One

Shops:
D:3 [***?   D:7 (


Innate Abilities, Weirdness & Mutations

Your stone body is resilient. (AC +7)
You are immune to poison.
You resist negative energy. (rN+)
You are resistant to electric shocks. (rElec)
You are resistant to unholy torment.
You can survive without breathing.
You are immune to petrification.


Message History

You closely miss the steam dragon.
The steam dragon is moderately wounded.
You are engulfed in a cloud of scalding steam.
The steam dragon bites you.
The steam dragon claws you but does no damage.
You thump the steam dragon!
The steam dragon is severely wounded.
You are engulfed in a cloud of scalding steam.
The orc priest miscasts a cantrip.
The steam dragon breathes steam at you. The ball of steam hits you!!
You are too injured to fight recklessly!
You are too injured to fight recklessly!
You are too injured to fight recklessly!
You are too injured to fight recklessly!
You feel much better. The steam dragon breathes steam at you.
The ball of steam hits you but does no damage.
The orc priest mumbles some strange prayers to Beogh against you.
Beogh smites you!
You completely miss the steam dragon.
The steam dragon is severely wounded.
You are engulfed in a cloud of scalding steam.
You closely miss the steam dragon.
The steam dragon is severely wounded.
You are engulfed in a cloud of scalding steam.
The steam dragon closely misses you. The steam dragon barely misses you.
The orc priest mumbles some strange prayers to Beogh against you.
Beogh smites you!
* * * LOW HITPOINT WARNING * * *
You sock the steam dragon!
You kill the steam dragon!
Okawaru accepts your kill.
The steam dragon scales are intact enough to wear.
You are engulfed in a cloud of scalding steam.
* * * LOW HITPOINT WARNING * * *
Something completely misses you.
The orc priest mumbles some strange prayers to Beogh against you.
Beogh smites you!
You die...

........###..
........'....
........##...
##########... ##
########....†... ...
#.....##......[. ....
#.....##........
..yyy###..§..........##
..oyo{@§.§..§........#
...oo###.............#
$... #.....§.......#
... #.............# ..
#.............# #
#.............#
####....##### #....#
#....#


You could see 4 killer bees, 3 orc priests and an orc.

Vanquished Creatures
  Eustachio (D:6)
  A wraith (Ossuary)
  4 steam dragons
  Menkaure (D:4)
  A water moccasin (D:5)
  A sky beast (D:7)
  An orc warrior (D:8)
  2 black bears
  A necrophage (D:7)
  An ogre (D:4)
  A phantom (D:5)
  An elf zombie (Ossuary)
  A wyvern zombie (D:5)
  4 water moccasin zombies (D:5)
  A water moccasin skeleton (D:5)
  9 wights
  A howler monkey (D:7)
  A centaur zombie (D:5)
  5 bullfrog zombies
  A centaur skeleton (D:5)
  4 jellies
  2 gnoll shamans
  A bullfrog skeleton (D:6)
  5 iguanas
  A scorpion zombie (D:5)
  8 orc wizards
  3 killer bee zombies
  3 mummies (Ossuary)
  2 howler monkey skeletons (D:5)
  21 gnolls
  7 adders
  A shadow imp (D:6)
  2 white imps
  An ufetubus (D:5)
  6 worms
  2 dart slugs
  19 orcs
  4 ball pythons
  8 endoplasms
  3 giant cockroaches
  7 goblins
  5 hobgoblins
  4 jackals (D:3)
  3 quokkas
  8 bats
  5 frilled lizards
  3 goblin zombies (Ossuary)
  3 hobgoblin zombies (Ossuary)
  10 kobolds
  2 kobold zombies (Ossuary)
  6 rats
  2 rat zombies (D:6)
200 creatures vanquished.

Vanquished Creatures (others)
  6 withered plants (D:5)
6 creatures vanquished.

Grand Total: 206 creatures vanquished

Notes
Turn   | Place    | Note
-------+----------+-------------------------------------------
     0 | D:1      | HoaS the Gargoyle Gladiator began the quest for the Orb.
     0 | D:1      | Reached XP level 1. HP: 12/12 MP: 1/1
   298 | D:1      | Reached XP level 2. HP: 15/17 MP: 2/2
   666 | D:1      | Found a faded altar of an unknown god.
   929 | D:1      | Reached skill level 4 in Staves
  1068 | D:1      | Reached XP level 3. HP: 21/21 MP: 3/3
  1474 | D:1      | Reached XP level 4. HP: 23/26 MP: 4/4
  1528 | D:1      | Reached skill level 5 in Staves
  2106 | D:2      | Reached XP level 5. HP: 30/30 MP: 5/5
  2415 | D:3      | Found Inadaol's Magic Scroll Emporium.
  2598 | D:3      | Found Xythot's Assorted Antiques.
  2605 | D:3      | Found Gephogurode's Assorted Antiques.
  2611 | D:3      | Bought a runed quarterstaff for 126 gold pieces
  2639 | D:3      | Found Xuerabre's Armour Boutique.
  2772 | D:3      | Reached skill level 6 in Staves
  3123 | D:3      | Found Xour Kuo's Assorted Antiques.
  3243 | D:4      | Noticed a black bear
  3254 | D:4      | Killed a black bear
  3255 | D:4      | Reached skill level 7 in Staves
  3255 | D:4      | Reached XP level 6. HP: 34/35 MP: 6/6
  3522 | D:4      | Found a sand-covered staircase.
  3526 | Ossuary  | Entered an ossuary
  3526 | Ossuary  | Noticed a wraith
  3526 | Ossuary  | Noticed a wraith
  3663 | Ossuary  | Reached XP level 7. HP: 36/40 MP: 7/7
  3983 | Ossuary  | Reached skill level 8 in Staves
  3996 | Ossuary  | Noticed a wraith
  4005 | Ossuary  | Killed a wraith
  4093 | Ossuary  | Noticed a wraith
  4257 | D:4      | HP: 2/40 [wight/+3 flail of freezing (1)]
  4266 | D:4      | Reached skill level 9 in Staves
  4330 | D:4      | Reached XP level 8. HP: 30/44 MP: 8/8
  4492 | D:4      | Noticed Menkaure
  4499 | D:4      | Killed Menkaure
  4631 | D:4      | Found an iron altar of Okawaru.
  4796 | D:4      | Became a worshipper of Warmaster Okawaru
  4873 | D:4      | Reached skill level 1 in Invocations
  5090 | D:4      | Found a white marble altar of Elyvilon.
  5091 | D:4      | Found a glowing silver altar of Zin.
  5093 | D:4      | Found a glowing golden altar of the Shining One.
  5403 | D:5      | Entered Level 5 of the Dungeon
  5434 | D:5      | Reached skill level 10 in Staves
  5771 | D:5      | Reached * piety under Okawaru
  5793 | D:5      | Reached skill level 11 in Staves
  5793 | D:5      | Reached XP level 9. HP: 45/48 MP: 11/11
  6712 | D:6      | Reached skill level 12 in Staves
  6920 | D:6      | Found an ancient bone altar of Kikubaaqudgha.
  7169 | D:6      | Noticed Eustachio
  7189 | D:6      | Killed Eustachio
  7486 | D:7      | Reached ** piety under Okawaru
  7661 | D:7      | Reached skill level 13 in Staves
  7704 | D:7      | Found a shimmering blue altar of Sif Muna.
  8018 | D:7      | Found a staircase to the Ecumenical Temple.
  8119 | D:3      | Bought a transparent quarterstaff for 207 gold pieces
  8119 | D:3      | Identified the +6 quarterstaff of the Dancing Visionary
                  | {vorpal, Str+4 Dex+3} (You bought it in a shop on level 3
                  | of the Dungeon)
  8244 | D:7      | Found a snail-covered altar of Cheibriados.
  8356 | D:7      | Reached XP level 10. HP: 53/53 MP: 12/12
  8367 | D:7      | Identified the ring "Coiboviv" {Fire rPois}
  8476 | D:7      | Found Fywnaos's Antique Weapon Emporium.
  9105 | D:8      | Killed from afar by an orc priest

Illustrated notes

Levels and vault maps discovered:
D:1:      wheals_arrival_linesprint, layout_basic,
          chequers_ecumenical_altar_twisty, minmay_misc_feat_room, st_stairs_9
D:2:      layout_rooms
D:3:      minmay_bubble_buster, layout_loops_ring, serial_shops,
          nicolae_shop_waterfront, nicolae_shop_behind_doors, shop, shop, shop,
          chequers_decorated_corner
D:4:      layout_loops_cross, good_gods_mini_temple, kennysheep_mini,
          serial_co_window_serial, co_window_corner_a,
          co_window_of_opportunity_a, co_window_of_opportunity_a,
          co_window_paths_b, co_window_corner_a, co_window_2corner,
          co_window_unsneaky_path_d, co_window_2corner, co_window_corner_b,
          co_window_2corner, co_window_2corner, co_window_4corner_a,
          glass_columns_c, glass_columns_a, glass_columns_a, glass_columns_c,
          enter_ossuary_5, uniq_menkaure
D:5:      layout_layer_cave, serial_undead, serial_undead_d, serial_undead_f,
          serial_undead_e, serial_undead_f, serial_undead_d, serial_undead_d,
          serial_undead_f, hangedman_decor_riveting,
          hangedman_abyss_or_decor_stabs
D:6:      layout_loops_ring, lemuel_zombie_altar_kikubaaqudgha,
          kennysheep_generic_room_8, uniq_eustachio
D:7:      layout_loops_ring, cheibriados_altar_1, nicolae_sif_muna_condensation,
          temple_statues, serial_shops, shop, minmay_crystal_room
D:8:      layout_basic, hangedman_incinerator

Skill      XL: |  1  2  3  4  5  6  7  8  9 |
---------------+----------------------------+-----
Staves         | 4 5 7 9 11 13 | 13.7
Invocations    | 3 |  3.0
Fighting       | |  2.1
Throwing       | |  1.7
Dodging        | |  2.4

Action                   |  1- 3 |  4- 6 |  7- 9 | 10-12 || total
-------------------------+-------+-------+-------+-------++-------
Melee: Quarterstaff      |    71 |   216 |   372 |    40 ||   699
Throw: Throwing net      |       |     3 |     1 |       ||     4
  Use: Scroll            |     1 |     3 |    11 |     3 ||    18
       Potion            |       |       |     2 |     1 ||     3
 Stab: Sleeping          |     1 |       |       |       ||     1
       Held in net/web   |       |       |     2 |       ||     2
Armor: Ring mail         |    28 |    97 |    73 |       ||   198
       Leather armour    |     4 |       |       |       ||     4
       Steam dragon scal |       |       |    18 |     4 ||    22
       Chain mail        |       |       |    14 |       ||    14
       Plate armour      |       |       |       |    15 ||    15
Dodge: Dodged            |    43 |   117 |   167 |    26 ||   353

Table legend: (Time is in decaauts)
 A = Elapsed time spent in this place.
 B = Non-inter-level travel time spent in this place.
 C = Inter-level travel time spent in this place.
 D = Time resting spent in this place.
 E = Time spent auto-exploring this place.
 F = Levels seen in this place.
 G = Mean time per level.
                   A        B        C        D        E       F      G
               +--------+--------+--------+--------+--------+-----+--------+
         Total |   9008 |   8288 |    720 |   2198 |   4682 |   9 | 1000.9 |
       Dungeon |   8442 |   7722 |    720 |   2040 |   4384 |   8 | 1055.2 |
       Ossuary |    566 |    566 |      0 |    158 |    298 |   1 |  566.0 |
               +--------+--------+--------+--------+--------+-----+--------+

Top non-repeatable levels by time:
     D:4: 1739 daAuts
     D:1: 1691 daAuts
     D:7: 1067 daAuts
     D:6: 1041 daAuts
     D:5: 955 daAuts
     D:3: 918 daAuts
     D:2: 662 daAuts
 Ossuary: 566 daAuts
     D:8: 365 daAuts
